 Dungeon Crawl Stone Soup version 0.31-a0-965-g8a8ce12e04 (webtiles) character file.

Game seed: 4165590280866498709

22 Dordric the Changeling (level 2, -1/18 HPs)
             Began as an Octopode Shapeshifter on Oct 26, 2023.
             Slain by a jackal (3 damage)
             ... on level 1 of the Dungeon.
             The game lasted 00:00:27 (515 turns).

Dordric the Changeling (Octopode Shapeshifter)       Turns: 515, Time: 00:00:28

Health: -1/18      AC:  1    Str: 13    XL:     2   Next: 91%
Magic:  2/2        EV: 13    Int: 12    God:
Gold:   78         SH:  0    Dex: 11    Spells: 1/1 levels left

rFire   . .          .
                       - Unarmed
rCold   . . .        (no shield)
rNeg    . . .        (helmet currently unavailable)
rPois   .            (no amulet)
rElec   .            (no ring)
rCorr   .            (no ring)
SInv    .            (no ring)
Will    .....        (no ring)
Stlth   ++           (no ring)
HPRegen 0.23/turn    (no ring)
MPRegen 0.08/turn    (no ring)
                     (no ring)

%: no passive effects
@: beast-form
A: beast (slay +2), almost no armour, amphibious, 8 rings, camouflage 1,
gelatinous body 1, (nimble swimmer 1), tentacles
a: Begin Untransformation


You were on level 1 of the Dungeon.
You were a hulking beast.
You visited 1 branch of the dungeon, and saw 1 of its levels.

You collected 78 gold pieces.

Inventory:

Talismans
 b - a beast talisman
 c - a flux talisman
Scrolls
 e - 3 scrolls of amnesia {unknown}
 h - a scroll of poison {unknown}
Potions
 a - a potion of lignification
 d - a potion of curing {unknown}
 f - 2 potions of attraction {unknown}
 g - a potion of mutation {unknown}


   Skills:
 - Level 1.0 Fighting
 - Level 2.0 Dodging
 - Level 3.0 Unarmed Combat
 + Level 3.9 Shapeshifting


You had one spell level left.
You didn't know any spells.
Your spell library was empty.

Dungeon Overview and Level Annotations

Branches:
Dungeon (1/15)

Altars:


Innate Abilities, Weirdness & Mutations

You are a hulking beast.
Your limbs bulge with bestial killing power. (Slay +2)
You cannot wear most types of armour.
You are amphibious.
You can wear up to eight rings at the same time.
Your skin changes colour to match your surroundings (Stealth+).
Your rubbery body absorbs attacks. (AC +1, EV +1)
((You are camouflaged when in or above water. (Stealth+)))
You have tentacles for arms and can constrict up to eight enemies at once.


Message History

You tentacle-slap the kobold.
You kill the kobold!
The jackal closely misses you. The jackal barely misses you. x2
The jackal misses you. The jackal barely misses you.
You closely miss the jackal. Your grab misses the jackal.
The jackal closely misses you. The jackal bites you.
The jackal barely misses you. The jackal bites you.
You tentacle-slap the jackal. Your grab misses the jackal.
The jackal is lightly wounded.
The jackal barely misses you. The jackal closely misses you.
The jackal barely misses you. The jackal closely misses you.
You tentacle-slap the jackal. Your grab misses the jackal.
The jackal is almost dead.
The jackal bites you. The jackal misses you. The jackal bites you.
The jackal completely misses you. The jackal barely misses you.
The jackal misses you. The jackal bites you.
You are too injured to fight recklessly!
You are too injured to fight recklessly!
You are too injured to fight recklessly!
You are too injured to fight recklessly!
You are too injured to fight recklessly!
You are too injured to fight recklessly!
You are too injured to fight recklessly!
You are too injured to fight recklessly!
You are too injured to fight recklessly!
You are too injured to fight recklessly!
You are too injured to fight recklessly!
You are too injured to fight recklessly!
You are too injured to fight recklessly!
You are too injured to fight recklessly!
You tentacle-slap the jackal.
You kill the jackal!
The jackal bites you. The jackal closely misses you. The jackal bites you.
* * * LOW HITPOINT WARNING * * *
The jackal barely misses you. The jackal attacks as it pursues you!
The jackal barely misses you. The jackal attacks as it pursues you!
The jackal bites you.
* * * LOW HITPOINT WARNING * * *
The jackal bites you.
You die...

#....######.# #......
#....# #.####.####.
#...## #........##.
##.##### ######.#.##.
#.....# #.......
#####.########.......
######........#.......
##...##................
##.....h...###..........
##.....hh...# #.....#....
#....)..h...# #.........#
#.................###[.##
#................. ....#
##...........#### ###.###
##.....###### #. ##
##...## #. #. #...# ##


You could see 3 jackals.

Vanquished Creatures
  A dart slug (D:1)
  3 endoplasms (D:1)
  A giant cockroach (D:1)
  4 hobgoblins (D:1)
  A jackal (D:1)
  A kobold (D:1)
  A quokka (D:1)
  A bat (D:1)
  A frilled lizard (D:1)
  A goblin (D:1)
  3 rats (D:1)
18 creatures vanquished.

Notes
Turn   | Place    | Note
-------+----------+-------------------------------------------
     0 | D:1      | Dordric the Octopode Shapeshifter began the quest for the
                  | Orb.
     0 | D:1      | Reached XP level 1. HP: 13/13 MP: 1/1
   206 | D:1      | Reached XP level 2. HP: 18/18 MP: 2/2
   515 | D:1      | Slain by a jackal

Illustrated notes

Levels and vault maps discovered:
D:1:      elethiomel_arrival_infinity_welcomes_careful_drivers,
          layout_loops_cross

Action                     || total
---------------------------++-------
  Melee: Unarmed           ||    33
         Constrict         ||    11
         Tentacles         ||    10
         Punch             ||     3
   Stab: Sleeping          ||     6
 Armour: Skin              ||    16
  Dodge: Dodged            ||    32

Table legend: (Time is in decaauts)
 A = Elapsed time spent in this place.
 B = Non-inter-level travel time spent in this place.
 C = Inter-level travel time spent in this place.
 D = Time resting spent in this place.
 E = Time spent auto-exploring this place.
 F = Levels seen in this place.
 G = Mean time per level.
                   A        B        C        D        E       F      G
               +--------+--------+--------+--------+--------+-----+--------+
         Total |    513 |    513 |      0 |      0 |    409 |   1 |  513.0 |
       Dungeon |    513 |    513 |      0 |      0 |    409 |   1 |  513.0 |
               +--------+--------+--------+--------+--------+-----+--------+

Top non-repeatable levels by time:
     D:1: 513 daAuts
